 Dungeon Crawl Stone Soup version 0.28-a0-1033-g1a2f33fa85 (webtiles) character file.

Game seed: 11244243198914308131

569 siradein the Skirmisher (level 7, -1/75 HPs)
             Began as an Ogre Fighter on Dec 8, 2021.
             Slain by a shadow imp (3 damage)
             ... summoned by Eustachio
             ... on level 5 of the Dungeon.
             The game lasted 00:09:34 (5636 turns).

siradein the Skirmisher (Ogre Fighter)              Turns: 5636, Time: 00:09:34

Health: -1/75      AC:  3    Str: 21    XL:     7   Next: 33%
Magic:  7/7        EV:  9    Int:  9    God:
Gold:   317        SH:  8    Dex: 10    Spells: 6/6 levels left

rFire   . . .      SeeInvis .   a - +0 flail
rCold   . . .      Faith    .   c - +0 kite shield
rNeg    . . .      Spirit   .   b - +0 robe
rPois   .          Reflect  .   (helmet restricted)
rElec   .          Harm     .   (no cloak)
rCorr   .          Rampage  .   (gloves unavailable)
Will    .....                   (boots unavailable)
Stlth   +.........              (no amulet)
HPRegen 0.22/turn               (no ring)
MPRegen 0.10/turn               (no ring)

@: no status effects
A: large, unfitting armour, tough skin 1
a: no special abilities


You were on level 5 of the Dungeon.
You visited 1 branch of the dungeon, and saw 5 of its levels.

You collected 317 gold pieces.

Inventory:

Hand Weapons
 a - a +0 flail (weapon)
Missiles
 g - 2 poisoned darts (quivered)
Armour
 b - a +0 robe (worn)
 c - a +0 kite shield (worn)
Wands
 j - a wand of acid (6)
 q - a wand of mindburst (11)
Scrolls
 e - a scroll of brand weapon {unknown}
 f - a scroll of vulnerability {unknown}
 h - 3 scrolls of identify {unknown}
 l - a scroll of enchant armour {unknown}
 m - 2 scrolls of teleportation {unknown}
 o - a scroll of holy word {unknown}
 p - a scroll of enchant weapon {unknown}
 u - a scroll of noise {unknown}
Potions
 d - 2 potions of might
 i - a potion of heal wounds {unknown}
 k - a potion of magic {unknown}
 n - 2 potions of mutation {unknown}
 r - a potion of degeneration {unknown}
 s - 3 potions of curing {unknown}
 t - a potion of lignification {unknown}


   Skills:
 + Level 6.3 Fighting
 + Level 3.8 Maces & Flails
 + Level 4.2 Dodging
 + Level 4.2 Shields
 + Level 1.1 Evocations


You had 6 spell levels left.
You didn't know any spells.
Your spell library was empty.

Dungeon Overview and Level Annotations

Branches:
Dungeon (5/15)
 Temple: D:4-7

Altars:
Kikubaaqudgha
Nemelex Xobeh
Vehumet

Annotations:
D:5 Eustachio


Innate Abilities, Weirdness & Mutations

You are too large for most types of armour.
You have tough skin. (AC +1)


Message History

The scorpion barely misses you.
You closely miss the scorpion. The scorpion stings you.
You block the scorpion's attack.
Your shield prevents you from hitting the scorpion.
Eustachio casts a spell.
Eustachio blinks!
The scorpion stings you.
You closely miss the scorpion. You block the scorpion's attack.
The scorpion stings you.
* * * LOW HITPOINT WARNING * * *
The rat twitches its whiskers.
You closely miss the scorpion. The scorpion stings you.
* * * LOW HITPOINT WARNING * * *
Eustachio mumbles some strange words.
The scorpion barely misses you.
You sock the scorpion!
The scorpion is heavily wounded.
You block the scorpion's attack. The scorpion stings you!
* * * LOW HITPOINT WARNING * * *
The ufetubus shouts!
You hit the scorpion but do no damage.
The scorpion is heavily wounded.
The rat disappears in a puff of smoke!
You block the scorpion's attack.
Eustachio mumbles some strange words.
You hit the scorpion.
The scorpion is severely wounded.
You block the scorpion's attack. The scorpion stings you.
* * * LOW HITPOINT WARNING * * *
You closely miss the scorpion.
The scorpion is severely wounded.
You block the scorpion's attack. x2
You hit the scorpion.
You kill the scorpion!
The shadow imp gestures at you. Pain shoots through your body!
* * * LOW HITPOINT WARNING * * *
Your Evocations skill increases to level 1!
You block the quasit's attack.
The quasit claws you but does no damage. x2
The shadow imp hits you.
You die...

#(#..#.......#
#@#....#._.#..
#.#..#...... #.
###.###.#.....#.#[...
............#.....#
##.###.##Z...#.#..[
#.##r.........#
#.5@55.......##
####@######### #.#
#(# #.# #(# #.# #.#
#.## #.# #..#


You could see Eustachio, a quasit (summoned), a shadow imp (summoned), an
ufetubus (summoned), a quokka (summoned) and a bullfrog skeleton.

Vanquished Creatures
  An ogre (D:4)
  A phantom (D:4)
  Blork the orc (D:5)
  3 scorpions
  2 hound skeletons (D:5)
  7 adders
  An ufetubus (D:4)
  2 worms
  A dart slug (D:1)
  6 endoplasms
  2 giant cockroaches
  8 goblins
  7 hobgoblins
  4 jackals (D:2)
  7 kobolds
  2 quokkas
  8 ball pythons
  3 bats
  2 frilled lizards (D:3)
  A rat (D:3)
69 creatures vanquished.

Notes
Turn   | Place    | Note
-------+----------+-------------------------------------------
     0 | D:1      | siradein the Ogre Fighter began the quest for the Orb.
     0 | D:1      | Reached XP level 1. HP: 24/24 MP: 1/1
   372 | D:1      | Found a faded altar of an unknown god.
   472 | D:1      | Reached XP level 2. HP: 30/32 MP: 2/2
  1264 | D:2      | Reached XP level 3. HP: 37/40 MP: 3/3
  1797 | D:2      | Reached XP level 4. HP: 37/49 MP: 4/4
  2847 | D:3      | Found an ancient bone altar of Kikubaaqudgha.
  2986 | D:3      | Reached skill level 5 in Fighting
  3887 | D:4      | Noticed an ogre
  3902 | D:4      | Killed an ogre
  3903 | D:4      | Reached XP level 5. HP: 19/57 MP: 5/5
  4175 | D:4      | Reached XP level 6. HP: 66/66 MP: 6/6
  4488 | D:4      | Found a sparkling altar of Nemelex Xobeh.
  4865 | D:5      | Entered Level 5 of the Dungeon
  4911 | D:5      | Reached skill level 6 in Fighting
  5295 | D:5      | Noticed Blork the orc
  5310 | D:5      | Killed Blork the orc
  5311 | D:5      | Reached XP level 7. HP: 43/75 MP: 7/7
  5558 | D:5      | Found a radiant altar of Vehumet.
  5575 | D:5      | Noticed Eustachio
  5635 | D:5      | HP: 1/75 [shadow imp/nerve-wracking pain[Eustachio] (4)]
  5636 | D:5      | Reached skill level 1 in Evocations
  5636 | D:5      | Slain by a shadow imp

Illustrated notes

Levels and vault maps discovered:
D:1:      kilobyte_arrival_exit_the_forest, layout_rooms,
          ebering_ecumenical_altar_hall
D:2:      layout_basic
D:3:      layout_basic, mainiacjoe_overflow_six_doors_small
D:4:      layout_cave_pods, nemelex_spade_bored_becter
D:5:      cheibrodos_quashed, layout_loops_ring, kennysheep_little_box,
          nicolae_vehumet_radiance, minmay_temple_entry_antechambers,
          minmay_misc_feat_tiny, uniq_eustachio, uniq_blork_the_orc

Skill      XL: |  1  2  3  4  5  6  7 |
---------------+----------------------+-----
Maces & Flails | 2 3 |  3.8
Dodging        | 3 4 |  4.2
Shields        | 3 4 |  4.2
Fighting       | 5 6 |  6.3
Evocations     | 1 |  1.1

Action                   |  1- 3 |  4- 6 |  7- 9 || total
-------------------------+-------+-------+-------++-------
Melee: Flail             |    96 |   137 |    34 ||   267
Throw: Dart              |       |    15 |    13 ||    28
Armor: Robe              |    21 |    38 |     9 ||    68
Dodge: Dodged            |    23 |    66 |    15 ||   104
Block: Kite shield       |    31 |    67 |    17 ||   115

Table legend: (Time is in decaauts)
 A = Elapsed time spent in this place.
 B = Non-inter-level travel time spent in this place.
 C = Inter-level travel time spent in this place.
 D = Time resting spent in this place.
 E = Time spent auto-exploring this place.
 F = Levels seen in this place.
 G = Mean time per level.
                   A        B        C        D        E       F      G
               +--------+--------+--------+--------+--------+-----+--------+
         Total |   5772 |   5644 |    128 |    145 |   4722 |   5 | 1154.4 |
       Dungeon |   5772 |   5644 |    128 |    145 |   4722 |   5 | 1154.4 |
               +--------+--------+--------+--------+--------+-----+--------+

Top non-repeatable levels by time:
     D:4: 1576 daAuts
     D:1: 1280 daAuts
     D:2: 1235 daAuts
     D:3: 882 daAuts
     D:5: 798 daAuts
